cohdb
Replays
Latest Replays
All Replays
Popular Replays
Top Player Replays
Match Explorer
How It Works
Community
CoH3 Stats
Reddit
Sign in to upload your games and track your stats! →
Sign in with Steam
Match 42966232
Unlisted
Match 42966232
Overview
Messages
Build Orders
End
Royal Engineer Section
Selects Canadian Shock Battlegroup
Construct Section Command Post
Dingo Light Scout Car
Infantry Section
Infantry Section
Selects Attacking Spirit
Selects Canadian Shock Section
Canadian Shock Section
Canadian Shock Section
Construct Platoon Command Post
Unlock M3 Stuart Light Tanks
M3 Stuart Light Tank
Selects Incendiary Munitions
Selects Pyrotechnics
Grenade Package
Construct Field Infirmary
Canadian Shock Section
Construct Company Command Post
Matilda II Heavy Tank
Selects Smoke Operation
Matilda II Heavy Tank
Smoke Operation
Selects Churchill Crocodile Heavy Tank
Churchill Crocodile Heavy Tank
Trion
Ryūk7
0
0
Comments
sign in to comment!
No comments posted yet!